 Dungeon Crawl Stone Soup version 0.28.0 (webtiles) character file.

Game seed: 7482700120195642186

7373 Akaron the Geomancer (level 11, -2/64 HPs)
             Began as an Octopode Earth Elementalist on Feb 6, 2022.
             Was an Initiate of Gozag.
             Slain by an unseen horror (5 damage)
             ... on level 7 of the Dungeon.
             The game lasted 00:41:59 (13071 turns).

Akaron the Geomancer (Octopode Earth Elementalist) Turns: 13071, Time: 00:41:59

Health: -2/64      AC:  1    Str: 10    XL:     11   Next: 14%
Magic:  33/33      EV: 13    Int: 34    God:    Gozag
Gold:   252        SH:  9    Dex: 13    Spells: 14/29 levels left

rFire   . . .      SeeInvis .   D - +0 trident (protect)
rCold   + . .      Faith    .   z - +0 buckler
rNeg    . . .      Spirit   .   (helmet restricted)
rPois   .          Reflect  +   n - amulet of reflection
rElec   .          Harm     .   k - ring of Malarr {rC+ rCorr Str+3 Stlth+}
rCorr   +          Rampage  .   o - ring of magical power
Will    .....                   u - +6 ring of intelligence
Stlth   ++++......              B - +6 ring of intelligence
HPRegen 0.20/turn               (no ring)
MPRegen 0.23/turn               (no ring)
                                (no ring)
                                (no ring)

@: silenced
A: almost no armour, amphibious, 8 rings, camouflage 1, gelatinous body 1,
(nimble swimmer 1), tentacles
a: Renounce Religion


You were on level 7 of the Dungeon.
You worshipped Gozag.
Gozag was aware of your devotion.
You visited 2 branches of the dungeon, and saw 10 of its levels.
You also visited: Sewer.

You collected 1177 gold pieces.
You spent 872 gold pieces at shops.
You paid 53 gold pieces to Gozag.

Inventory:

Hand Weapons
 D - a +0 trident of protection (weapon)
Missiles
 t - 162 stones
Armour
 z - a +0 buckler (worn)
Jewellery
 k - the ring of Malarr (left tentacle) {rC+ rCorr Str+3 Stlth+}
   (You found it on level 4 of the Dungeon)

   [ring of resist corrosion]

   Str:       It affects your strength (+3).
   rC:        It protects you from cold.
   rCorr:     It protects you from acid and corrosion.
   Stlth:     It makes you more stealthy.
 l - an amulet of faith
 n - an amulet of reflection (around mantle)
 o - a ring of magical power (right tentacle)
 u - a +6 ring of intelligence (on tentacle)
 y - the ring "Uxijoo" {Drain rElec rC+ rCorr}
   (You found it on level 7 of the Dungeon)

   [ring of protection from cold]

   rC:        It protects you from cold.
   rElec:     It insulates you from electricity.
   rCorr:     It protects you from acid and corrosion.
   Drain:     It drains your maximum health when unequipped.
 B - a +6 ring of intelligence (on tentacle)
 H - a ring of fire
Wands
 w - a wand of iceblast (17)
Scrolls
 b - a scroll of silence
 c - a scroll of amnesia {unknown}
 d - a scroll of blinking {unknown}
 f - 4 scrolls of magic mapping
 v - 3 scrolls of identify
 C - a scroll of brand weapon {unknown}
 E - a scroll of enchant armour
Potions
 a - 2 potions of ambrosia {unknown}
 e - 3 potions of haste
 g - 3 potions of lignification
 h - 4 potions of attraction
 i - a potion of berserk rage {unknown}
 j - 3 potions of brilliance
 m - 2 potions of flight {unknown}
 p - a potion of degeneration {unknown}
 q - a potion of cancellation {unknown}
 r - 3 potions of heal wounds {unknown}
 s - 3 potions of might {unknown}
 x - 2 potions of mutation {unknown}
Miscellaneous
 G - a lightning rod (4/4)


   Skills:
 + Level 1.7 Fighting
 + Level 1.2 Long Blades
 + Level 0.4 Polearms
 + Level 3.0 Dodging
 + Level 4.7 Stealth
 + Level 1.6 Shields
 + Level 1.5 Unarmed Combat
 + Level 9.5 Spellcasting
 + Level 7.6 Conjurations
 + Level 1.0 Transmutations
 + Level 9.8 Earth Magic
 + Level 3.0 Evocations


You had 14 spell levels left.
You knew the following spells:

 Your Spells              Type           Power      Damage    Failure   Level
a - Sandblast             Erth           100%       2d20      1%          1
b - Passwall              Tmut/Erth      43%        N/A       1%          2
c - Stone Arrow           Conj/Erth      100%       3d13      1%          3
d - Petrify               Tmut/Erth      52%        N/A       3%          4
e - Lee's Rapid Deconstr  Erth           35%        3d19*     1%          5

Your spell library contained the following spells:

 Spells                   Type           Power      Damage    Failure   Level
 Static Discharge         Conj/Air       42%        N/A       1%          2
 Freeze                   Ice            64%        1d8       3%          1
 Fulminant Prism          Conj/Hex       21%        3d13      8%          4
 Hailstorm                Conj/Ice       42%        3d10      8%          4
 Iskenderun's Mystic Bla  Conj/Tloc      42%        2d10      8%          4
 Sticky Flame             Conj/Fire      42%        2d6       8%          4
 Frozen Ramparts          Ice            32%        1d5       11%         3
 Ozocubu's Armour         Ice            16%        N/A       11%         3
 Dispel Undead            Necr           16%        3d10      36%         4
 Ozocubu's Refrigeration  Ice            8%         4d6       100%        7


Dungeon Overview and Level Annotations

Branches:
Dungeon (9/15)             Temple (1/1) D:5           Sewer (visited)
   Lair: D:8-11         Orc: D:9-12

Altars:
Ashenzari
Cheibriados
Dithmenos
Elyvilon
Fedhas
Gozag
Hepliaklqana
Kikubaaqudgha
Nemelex Xobeh
Okawaru
Qazlal
Ru
Trog
Uskayaw
Vehumet
Wu Jian
Yredelemnul
The Shining One

Shops:
D:3 =   D:6 *   D:8 *

Annotations:
D:9 Maurice


Innate Abilities, Weirdness & Mutations

You cannot wear most types of armour.
You are amphibious.
You can wear up to eight rings at the same time.
Your skin changes colour to match your surroundings (Stealth+).
Your rubbery body absorbs attacks. (AC +1, EV +1)
((You are camouflaged when in or above water. (Stealth+)))
You have tentacles for arms and can constrict up to eight enemies at once.


Message History

You now have 246 gold pieces (gained 33).
You see here 3 large rocks.
You now have 252 gold pieces (gained 6).
Something hits you!
Deactivating autopickup; reactivate with Ctrl-A.
Something hits you.
You closely miss something. Something barely misses you. Something hits you! x2
You closely miss something. Something hits you. x2
Something barely misses you.
You feel better.
You can't see any susceptible monsters within range! (Use Z to cast anyway.)
Something hits you but does no damage. Something hits you!
Something hits you but does no damage.
Okay, then.
Casting: Stone Arrow (safe; 1% risk of failure)
Confirm with . or Enter, or press ? or * to list all spells.
You aren't next to any passable walls.
Something hits you!
* * * LOW HITPOINT WARNING * * *
Casting: Passwall (safe; 1% risk of failure)
Confirm with . or Enter, or press ? or * to list all spells.
You aren't next to any passable walls.
You hit something.
Your weapon exudes an aura of protection.
You squeeze something. Something hits you!
* * * LOW HITPOINT WARNING * * *
Something hits you!
* * * LOW HITPOINT WARNING * * *
You can't see any enemies this would affect, really read the scroll of fear?
As you read the scroll of fear, it crumbles to dust.
You assume a fearsome visage.
Nothing appears to happen.
Something hits you but does no damage.
As you read the scroll labelled MIESUO EPSAVURAH, it crumbles to dust.
A profound silence engulfs you.
It was a scroll of silence.
Something barely misses you. Something hits you.
* * * LOW HITPOINT WARNING * * *
Something hits you.
You die...
Your body crumbles into a pile of gold.

#..####...##.....##.#####...#####
#..# #......####..............
#..# ###.....##...............
#..# . ###....................
#..# #=|"#######...######........
...# #)......###...####...##.##
...# #==[######..###...##...##.##
##.# . ##.#.#.###......##... ##.#
##..##@#.#.###....##### ...#
##..#.##.#.#.#.###(.# .#.#
..#.#.#[...........##### ...##
#.#.#.##.#.#.#.###.....# #.(#..#
#.#.#.##.#.#[####..###.##
#..###..#.#.#.##.#[####..#.###.##
#....###..#.#.#..####..#.#...#.##
#......###..#..####..###.#.#.#.##
###......###..###..###)..#.##....


There were no monsters in sight!

Vanquished Creatures
  Pikel (D:5)
  A deep elf pyromancer (D:9)
  A cyclops (D:7)
  Maggie (D:6)
  2 trolls (D:7)
  A blink frog (shapeshifter) (D:8)
  A wyvern (D:7)
  Eustachio (D:6)
  A wraith (D:7)
  An acid dragon (D:9)
  8 water moccasins
  2 orc warriors
  An ice beast (D:6)
  2 sky beasts (D:8)
  A necrophage (D:5)
  2 ogres
  2 centaurs
  A phantom (D:4)
  2 lemures (D:6)
  9 kobold brigands
  3 bullfrogs
  2 wyvern zombies
  2 gnoll sergeants
  A wyvern skeleton (D:7)
  8 scorpions
  A water moccasin skeleton (D:7)
  5 killer bees (D:9)
  A wight (D:7)
  An electric eel (D:6)
  A howler monkey (D:7)
  2 jellies
  A bullfrog zombie (D:5)
  A centaur skeleton (D:7)
  A centaur zombie (D:7)
  5 orc priests
  3 hounds
  A gnoll shaman (D:8)
  2 bullfrog skeletons (D:7)
  2 iguanas (D:4)
  2 orc wizards
  A killer bee zombie (D:7)
  A howler monkey zombie (D:8)
  11 gnolls
  2 river rats (Sewer)
  15 adders
  A howler monkey skeleton (D:6)
  2 shadow imps
  A white imp (D:6)
  An ufetubus (D:4)
  4 worms
  A dart slug (D:2)
  23 orcs
  12 endoplasms
  A giant cockroach (D:1)
  11 goblins
  10 hobgoblins
  2 jackals (D:1)
  4 quokkas
  10 ball pythons
  8 bats
  3 frilled lizards
  12 kobolds
  6 rats
228 creatures vanquished.

Vanquished Creatures (others)
  11 fungi (D:9)
  10 plants (D:8)
21 creatures vanquished.

Grand Total: 249 creatures vanquished

Notes
Turn   | Place    | Note
-------+----------+-------------------------------------------
     0 | D:1      | Akaron the Octopode Earth Elementalist began the quest for
                  | the Orb.
     0 | D:1      | Reached XP level 1. HP: 11/11 MP: 3/3
   108 | D:1      | Reached XP level 2. HP: 6/17 MP: 1/5
   744 | D:1      | Reached XP level 3. HP: 21/21 MP: 4/6
   938 | D:1      | Learned a level 2 spell: Passwall
   942 | D:1      | Learned a level 3 spell: Stone Arrow
  1461 | D:2      | Reached skill level 1 in Conjurations
  1858 | D:2      | Reached XP level 4. HP: 27/27 MP: 4/8
  2648 | D:3      | Found Koqyul's Jewellery Shoppe.
  2707 | D:3      | Found a faded altar of an unknown god.
  2948 | D:4      | Reached XP level 5. HP: 23/31 MP: 5/9
  3082 | D:4      | Identified the ring of Malarr {rC+ rCorr Str+3 Stlth+}
  3136 | D:4      | Noticed an ogre
  3142 | D:4      | Killed an ogre
  3148 | D:4      | Reached XP level 6. HP: 36/36 MP: 2/12
  3583 | D:4      | Found a snail-covered altar of Cheibriados.
  3635 | D:4      | Found an iron altar of Okawaru.
  3663 | D:4      | Reached skill level 5 in Earth Magic
  3663 | D:4      | Reached XP level 7. HP: 17/41 MP: 5/13
  4737 | D:5      | Entered Level 5 of the Dungeon
  4756 | D:5      | Reached skill level 5 in Spellcasting
  4959 | D:5      | Reached XP level 8. HP: 42/46 MP: 6/16
  5341 | D:5      | Found a staircase to the Ecumenical Temple.
  5437 | Temple   | Entered the Ecumenical Temple
  5566 | Temple   | Became a worshipper of Gozag Ym Sagoz the Greedy
  5972 | D:6      | Found a glowing drain.
  5981 | Sewer    | Entered a sewer
  7235 | Sewer    | Reached skill level 1 in Unarmed Combat
  7561 | Sewer    | Reached XP level 9. HP: 52/52 MP: 12/19
  7643 | D:6      | Noticed Eustachio
  7650 | D:6      | Noticed Maggie
  7658 | D:6      | Noticed Pikel
  7659 | D:6      | Killed Eustachio
  7660 | D:6      | Reached skill level 1 in Fighting
  7660 | D:6      | Reached skill level 5 in Conjurations
  7877 | D:6      | Found Qaokihas's Elemental Accessories.
  8040 | D:6      | Reached skill level 1 in Evocations
  8262 | D:5      | Killed Pikel
  8434 | D:6      | Killed Maggie
  8509 | D:6      | Learned a level 4 spell: Petrify
  8995 | D:3      | Bought a ring of magical power for 280 gold pieces
  9170 | D:7      | Identified the ring "Uxijoo" {Drain rElec rC+ rCorr}
  9406 | D:7      | Reached XP level 10. HP: 36/58 MP: 2/21
  9664 | D:7      | Reached skill level 1 in Shields
  9829 | D:7      | Noticed a cyclops
  9829 | D:7      | Noticed a boulder beetle
 10525 | D:8      | Learned a level 5 spell: Lee's Rapid Deconstruction
 10528 | D:8      | Reached skill level 1 in Long Blades
 10981 | D:8      | Found the +18 Lear's hauberk
 11269 | D:8      | Found Waymapo's General Store.
 11277 | D:8      | Bought a scroll of enchant armour for 97 gold pieces
 11277 | D:8      | Bought a scroll of fear for 45 gold pieces
 11752 | D:9      | Noticed a deep elf pyromancer
 11756 | D:9      | Killed a deep elf pyromancer
 12004 | D:9      | Noticed Maurice
 12523 | D:6      | Bought a lightning rod (4/4) for 450 gold pieces
 12733 | D:7      | Reached XP level 11. HP: 64/64 MP: 8/24
 12795 | D:7      | Killed a cyclops
 13067 | D:7      | HP: 3/64 [something (8)]
 13071 | D:7      | Slain by an unseen horror

Illustrated notes

Levels and vault maps discovered:
D:1:      nzn_arrival_depleted_hourglass, layout_basic
D:2:      layout_loops_corners
D:3:      layout_loops_ring, nicolae_ecumenical_oubliette, serial_shops,
          nicolae_shop_advertising_works [nicolae_subvault_shop_adworks]
D:4:      minmay_skewed_foursquare, layout_basic, kennysheep_mini_moat,
          mainiacjoe_overflow_small_starburst, hangedman_abyss_or_decor_stagger
D:5:      layout_basic, minmay_temple_entry_poolview, serial_co_window_serial,
          co_window_corner_a, co_window_paths_a, co_window_corner_a,
          co_window_paths_b, co_window_of_opportunity_a, co_window_corner_b,
          co_window_2corner, co_window_2corner, glass_columns_b
D:6:      layout_loops_ring, portal_sewer_entry_d, minmay_misc_feat_tower,
          hangedman_abyss_or_decor_stabs, chequers_jeans,
          chequers_serial_rivers_room_b, nrook_pool_corridor,
          hangedman_decor_points, nicolae_elemental_shop, uniq_eustachio,
          uniq_maggie, uniq_pikel
D:7:      minmay_the_grid_triangle_9x9_rhombus_thin
          [minmay_the_grid_triangle_9x9_flanged_cone,
          minmay_the_grid_triangle_9x9_prize_center,
          minmay_the_grid_triangle_9x9_cache,
          minmay_the_grid_triangle_9x9_skeleton], layout_loops_cross,
          kennysheep_windowed_goal
D:8:      nzn_winding_woodlands_stair_cross
          [nzn_winding_woodlands_5x15_concentric,
          nzn_winding_woodlands_center_triple_pond,
          nzn_winding_woodlands_5x15_longhouse,
          nzn_winding_woodlands_5x5_checkerboard,
          nzn_winding_woodlands_5x5_three, nzn_winding_woodlands_5x15_jagged,
          nzn_winding_woodlands_center_garden,
          nzn_winding_woodlands_5x15_default], layout_loops_cross, serial_shops,
          kennysheep_mini, nicolae_grassy_gnolls, uniq_psyche
D:9:      old_forge, layout_basic, nicolae_overflow_hidden_temple,
          serial_aquarium, aquarium_bridge_square [aquarium_subvault_window,
          aquarium_subvault_bridge, aquarium_subvault_bridge,
          aquarium_subvault_wall], aquarium_bridge_straight
          [aquarium_subvault_bridge, aquarium_subvault_wall,
          aquarium_subvault_bridge, aquarium_subvault_balcony],
          aquarium_window_corner, aquarium_window_2, aquarium_window_2,
          aquarium_window_fake, aquarium_view_2a, kennysheep_generic_room_11,
          uniq_maurice
Temple:   regret_index_temple_sphere_string

Skill      XL: |  1  2  3  4  5  6  7  8  9 10 |
---------------+-------------------------------+-----
Stealth        | 3 4 |  4.7
Conjurations   | 1 2 3 4 5 7 |  7.6
Spellcasting   | 3 4 5 6 7 9 |  9.5
Earth Magic    | 4 5 6 8 9 |  9.8
Unarmed Combat | 1 |  1.5
Fighting       | 1 |  1.7
Evocations     | 3 |  3.0
Shields        | 1 |  1.6
Long Blades    | 1 |  1.2
Dodging        | 3 |  3.0
Polearms       | |  0.4
Transmutations | |  1.0

Action                   |  1- 3 |  4- 6 |  7- 9 | 10-12 || total
-------------------------+-------+-------+-------+-------++-------
Melee: Unarmed           |    11 |       |    21 |       ||    32
       Tentacles         |     2 |       |     6 |     2 ||    10
       Constrict         |     1 |       |     4 |     1 ||     6
       Punch             |       |       |     1 |       ||     1
       Falchion          |       |       |     1 |     8 ||     9
       Trident           |       |       |       |     9 ||     9
 Cast: Sandblast         |    48 |    60 |    67 |       ||   175
       Stone Arrow       |       |       |    81 |   134 ||   215
       Passwall          |       |       |     2 |       ||     2
Evoke: Wand              |       |       |    14 |       ||    14
  Use: Scroll            |       |     4 |     4 |     2 ||    10
       Potion            |       |       |     2 |     1 ||     3
Armor: Skin              |     3 |       |     3 |     8 ||    14
Dodge: Dodged            |    13 |    11 |    50 |    24 ||    98
Block: Other             |       |       |     8 |       ||     8
       Reflection        |       |       |     1 |     4 ||     5
       Buckler           |       |       |    12 |    22 ||    34
